 Dungeon Crawl Stone Soup version 0.24-a0-417-g1cce26a4d2 (webtiles) character file.

Game seed: 2349061611295834

49052 Gargoyl the Protected (level 14, -10/116 HPs)
             Began as a Centaur Abyssal Knight on June 11, 2019.
             Was an Elder of Lugonu.
             Mangled by a large abomination (20 damage)
             ... on level 1 of the Abyss.
             The game lasted 00:41:15 (32636 turns).

Gargoyl the Protected (Centaur Abyssal Knight)     Turns: 32636, Time: 00:41:16

Health: -10/116    AC: 22    Str: 20    XL:     14   Next: 14%
Magic:  21/22      EV:  4    Int: 11    God:    Lugonu [****..]
Gold:   1512       SH: 18    Dex: 12    Spells: 13/13 levels left

rFire    + . .     SeeInvis +   A - +3 long sword (elec)
rCold    + . .     Gourm    .   k - +4 large shield {AC+3}
rNeg     + . .     Faith    .   o - +0 plate armour
rPois    .         Spirit   .   d - +2 helmet
rElec    .         Reflect  .   r - scarf {rC+ rF+}
rCorr    .         Harm     .   f - +2 pair of gloves {Dex+3}
MR       +....                  (no barding)
Stlth    ..........             F - amulet of rage
HPRegen  0.29/turn              N - ring of see invisible
MPRegen  0.18/turn              w - ring of positive energy

@: very quick
A: large, hooves 3, deformed body, speed 2, tough skin 3
a: Depart the Abyss, Bend Space, Banish, Corrupt, Renounce Religion, Evoke
Berserk Rage


You were on level 1 of the Abyss.
You worshipped Lugonu.
Lugonu was greatly pleased with you.
You were not hungry.

You visited 2 branches of the dungeon, and saw 19 of its levels.
You visited the Abyss 2 times.

You collected 1512 gold pieces.

Inventory:

Hand Weapons
 a - a +1 hand axe
 q - a +1 dagger of holy wrath
 z - a +4 hand axe
 A - a +3 long sword of electrocution (weapon)
Missiles
 e - 20 boomerangs
 y - 7 javelins (quivered)
Armour
 d - a +2 helmet (worn)
 f - a +2 pair of gloves of dexterity (worn)
 k - a +4 large shield of protection (worn)
 o - a +0 plate armour (worn)
 r - a scarf of resistance (worn)
Jewellery
 w - a ring of positive energy (right hand)
 F - an amulet of rage (around neck)
 N - a ring of see invisible (left hand)
Wands
 h - a wand of enslavement (19)
 p - a wand of polymorph (8)
 s - a wand of scattershot (6)
 x - a wand of digging (5)
 B - a wand of random effects (38)
 C - a wand of flame (39)
 H - a wand of paralysis (13)
 M - a wand of disintegration (27)
Scrolls
 b - 8 scrolls of teleportation
 g - 4 scrolls of fog
 i - 8 scrolls of amnesia
 l - 5 scrolls of remove curse
 n - a scroll of identify
 D - a scroll of magic mapping
 P - 2 scrolls of blinking
Potions
 j - 8 potions of flight
 t - 3 potions of curing
 v - 2 potions of lignification
 E - 2 potions of ambrosia
 G - 2 potions of might
 K - a potion of cancellation
 L - a potion of invisibility
 O - a potion of brilliance
Miscellaneous
 J - a lightning rod (4/4)
 U - a lightning rod (4/4)
Comestibles
 c - 32 rations
 m - 2 chunks of flesh


   Skills:
 + Level 8.3 Fighting
 + Level 9.0 Long Blades
 + Level 6.3 Axes
 + Level 3.5 Throwing
 * Level 10.9 Armour
 * Level 7.5 Dodging
 + Level 4.9 Shields
 * Level 10.7 Invocations
 + Level 0.4 Evocations


You had 13 spell levels left.
You didn't know any spells.
Your spell library contained the following spells:

 Spells                   Type           Power        Failure   Level  Hunger
 Magic Dart               Conj           #...         100%        1    ##.....
 Blink                    Tloc           N/A          100%        2    ###....
 Call Imp                 Summ           #.......     100%        2    ###....
 Slow                     Hex            #.......     100%        2    ###....
 Conjure Flame            Conj/Fire      #.......     100%        3    ####...
 Mephitic Cloud           Conj/Pois/Air  #.......     100%        3    ####...
 Leda's Liquefaction      Hex/Erth       #.........   100%        4    #####..
 Bolt of Magma            Conj/Fire/Erth #.........   100%        5    ######.
 Iron Shot                Conj/Erth      #.........   100%        6    #######
 Statue Form              Tmut/Erth      #........    100%        6    #######
 Shatter                  Erth           #.........   100%        9    #######


Dungeon Overview and Level Annotations

Branches:
Dungeon (13/15)            Temple (0/1) D:5            Lair (6/6) D:10
  Swamp (0/4) Lair:2        Snake (0/4) Lair:2        Slime (0/5) Lair:6
    Orc (0/2) D:11
 Vaults: D:13-14

Altars:
Gozag
Kikubaaqudgha
The Shining One

Annotations:
D:5 2 transporters, Prince Ribbit; feta's ghost, novice GnFi
D:13 Jorgrun
Lair:3 exclusion: 2 oklob plants


Innate Abilities, Weirdness & Mutations

You have hooves in place of feet.
Armour fits poorly on your strangely shaped body.
You cover ground very quickly.
You have extremely tough skin. (AC +3)


Message History

You block the flying skull's attack. The flying skull hits you.
* * * LOW HITPOINT WARNING * * *
You hit the flying skull.
You kick the flying skull, but do no damage.
The flying skull is almost destroyed.
You block the flying skull's attack.
You closely miss the flying skull.
The flying skull is almost destroyed.
You block the flying skull's attack.
The flying skull hits you but does no damage.
A large abomination comes into view.
You closely miss the flying skull. Your kick misses the flying skull.
The flying skull is almost destroyed.
You block the flying skull's attack. x2; The flying skull hits you.
* * * LOW HITPOINT WARNING * * *
Unknown command.
Space bends sharply around you!
The flying skull blinks!
You blink.
The flying skull hits you but does no damage.
The large abomination hits you!!
You die...

.# ##..## #.
.#. . .
###....# . .
#§###.. ..###.
.
#..........#(#z
.§#...........
#.....#..##
.#...z@z.#
###.X#z.#
.....z..##
#.....#z##
#####§#§## #
###### #. ...
#..


You could see a large abomination and 5 flying skulls.

Vanquished Creatures
  A sphinx (D:12)
  Snorg (Lair:3)
  A fire dragon (Lair:6)
  Josephine (Lair:2)
  3 two-headed ogres
  6 death yaks
  Urug (Lair:6)
  3 manticores (D:12)
  A lindwurm (Lair:6)
  An ugly thing (D:12)
  A cyclops (D:11)
  5 elephants (Lair:4)
  3 molten gargoyles (Lair:6)
  4 black mambas
  11 spiny frogs
  9 komodo dragons
  A rime drake (Lair:6)
  4 trolls
  A hornet (D:12)
  8 blink frogs
  4 hippogriffs
  A flying skull (Abyss:1)
  7 wyverns
  18 yaks
  3 fire bats (Lair:4)
  5 wraiths
  3 steam dragons (Lair:6)
  A hungry ghost (D:10)
  7 basilisks
  A vampire mosquito (D:12)
  Edmund (D:5)
  3 swamp worms (Lair:2)
  An acid dragon (D:12)
  A warg (D:11)
  Duvessa (D:7)
  17 water moccasins
  3 hell hounds (Lair:6)
  13 porcupines
  2 orc warriors
  2 black bears
  4 phantoms
  4 ice beasts
  2 sky beasts
  8 ogres
  2 eyes of draining
  13 centaurs
  A necrophage (D:7)
  11 wolves
  17 crocodiles
  4 big kobolds
  10 bullfrogs
  Dowan (D:7)
  3 scorpions
  3 howler monkeys
  9 wights
  3 electric eels
  6 crimson imps
  6 centaur zombies
  5 lava snakes (Lair:6)
  2 human zombies (D:7)
  6 jellies
  Crazy Yiuf (D:2)
  A bullfrog skeleton (D:12)
  A centaur skeleton (D:6)
  2 hounds
  7 orc priests
  6 orc wizards
  Jessica (D:2)
  An iguana (Lair:2)
  3 human skeletons (D:7)
  7 worker ants
  3 mummies (D:7)
  A worker ant zombie (D:11)
  10 adders
  6 shadow imps
  An ooze (D:1)
  An adder skeleton (D:4)
  2 worms (D:3)
  6 leopard geckos
  32 orcs
  A ball python (D:3)
  7 bats
  8 giant cockroaches
  14 goblins
  10 hobgoblins
  13 jackals
  5 quokkas
  10 frilled lizards
  15 kobolds
  2 orc zombies (D:7)
  A quokka zombie (D:6)
  14 rats
  A plant (D:10)
473 creatures vanquished.

Vanquished Creatures (others)
  5 hydras
  A two-headed ogre (D:9)
  A black mamba (Lair:3)
  A tyrant leech (Lair:2)
  An orc warrior (D:6)
  A crocodile (Lair:3)
  An orc wizard (D:12)
  10 fungi
  8 plants
29 creatures vanquished.

Grand Total: 502 creatures vanquished

Notes
Turn   | Place    | Note
-------+----------+-------------------------------------------
     0 | Abyss:1  | Gargoyl the Centaur Abyssal Knight began the quest for the
                  | Orb.
     0 | Abyss:1  | Reached XP level 1. HP: 19/19 MP: 2/2
    20 | Abyss:2  | Found a shadowy altar of Dithmenos.
    40 | Abyss:2  | Noticed a red draconian annihilator
    40 | D:1      | Escaped the Abyss
   188 | D:1      | Reached XP level 2. HP: 26/26 MP: 3/3
   228 | D:1      | Reached * piety under Lugonu
   361 | D:1      | Reached skill level 1 in Dodging
   472 | D:1      | Reached XP level 3. HP: 31/31 MP: 4/4
  1632 | D:2      | Reached XP level 4. HP: 39/39 MP: 5/5
  1705 | D:2      | Noticed Jessica
  1716 | D:2      | Killed Jessica
  1751 | D:2      | Reached ** piety under Lugonu
  1937 | D:2      | Found a runed translucent door.
  1938 | D:2      | Noticed Crazy Yiuf
  2152 | D:2      | Killed Crazy Yiuf
  2531 | D:3      | Reached XP level 5. HP: 42/46 MP: 7/7
  2605 | D:3      | Found an opulent altar of Gozag.
  2826 | D:3      | Found a faded altar of an unknown god.
  3285 | D:4      | Noticed an ogre
  3289 | D:4      | Noticed an ice beast
  3301 | D:4      | Killed an ogre
  3301 | D:4      | Reached XP level 6. HP: 19/52 MP: 8/8
  3498 | D:4      | Killed an ice beast
  4376 | D:5      | Entered Level 5 of the Dungeon
  4389 | D:5      | Found a transporter.
  4393 | D:5      | Found a transporter.
  4393 | D:5      | Noticed feta's ghost (novice GnFi)
  4449 | D:5      | Found a staircase to the Ecumenical Temple.
  4538 | D:5      | Reached XP level 7. HP: 35/59 MP: 9/9
  4974 | D:5      | Noticed Prince Ribbit
  5188 | D:5      | Noticed Edmund
  5213 | D:5      | Killed Edmund
  5490 | D:5      | Reached skill level 1 in Throwing
  5673 | D:6      | Reached *** piety under Lugonu
  5823 | D:6      | Reached XP level 8. HP: 67/67 MP: 11/11
  6237 | D:6      | Reached skill level 5 in Axes
  6843 | D:6      | Reached skill level 5 in Invocations
  7659 | D:7      | Reached XP level 9. HP: 55/73 MP: 13/13
  7803 | D:6      | Reached skill level 5 in Armour
  8088 | D:7      | Noticed Duvessa
  8088 | D:7      | Noticed Dowan
  8104 | D:7      | Killed Duvessa
  8123 | D:7      | Killed Dowan
  8335 | D:7      | Found a glowing golden altar of the Shining One.
  8531 | D:7      | Reached **** piety under Lugonu
  8620 | D:7      | Found an ancient bone altar of Kikubaaqudgha.
  8625 | D:7      | Reached skill level 1 in Long Blades
  9287 | D:8      | Reached skill level 5 in Fighting
 10270 | D:9      | Noticed a two-headed ogre
 10289 | D:9      | Banished a two-headed ogre
 10528 | D:9      | Reached XP level 10. HP: 79/81 MP: 14/14
 10930 | D:9      | Noticed a two-headed ogre
 10939 | D:9      | Killed a two-headed ogre
 10939 | D:9      | Reached skill level 1 in Shields
 11351 | D:10     | Entered Level 10 of the Dungeon
 11476 | D:10     | Noticed a two-headed ogre
 11487 | D:10     | Banished a two-headed ogre
 11901 | D:10     | Found a staircase to the Lair.
 12128 | D:10     | Reached skill level 5 in Dodging
 12807 | Lair:1   | Entered Level 1 of the Lair of Beasts
 12825 | D:10     | Reached skill level 5 in Long Blades
 13223 | Lair:1   | Reached XP level 11. HP: 71/89 MP: 16/16
 16353 | Lair:2   | Found a glowing golden altar of the Shining One.
 16629 | Lair:2   | Noticed a four-headed hydra
 16639 | Lair:2   | Banished a four-headed hydra
 16699 | Lair:2   | HP: 1/90 [tyrant leech (22)]
 17359 | Lair:2   | Noticed a six-headed hydra
 17380 | Lair:2   | Banished a six-headed hydra
 17696 | Lair:2   | Noticed an eight-headed hydra
 17701 | Lair:2   | Banished an eight-headed hydra
 17838 | Lair:2   | Found a staircase to the Swamp.
 17988 | Lair:2   | Found a staircase to the Snake Pit.
 18250 | Lair:3   | Noticed an eight-headed hydra
 18251 | Lair:3   | Banished an eight-headed hydra
 18265 | Lair:3   | Reached XP level 12. HP: 50/97 MP: 18/18
 19096 | Lair:3   | Noticed Snorg
 19146 | Lair:3   | Killed Snorg
 20255 | Lair:4   | Noticed Josephine
 20310 | Lair:3   | HP: 2/145 [hippogriff (6)]
 20939 | Lair:2   | Killed Josephine
 21463 | Lair:4   | Identified a scroll of acquirement
 23745 | Lair:6   | Entered Level 6 of the Lair of Beasts
 23745 | Lair:6   | Noticed a death yak
 23745 | Lair:6   | Noticed a death yak
 23745 | Lair:6   | Noticed a death yak
 23745 | Lair:6   | Noticed a death yak
 23745 | Lair:6   | Noticed a death yak
 23745 | Lair:6   | Noticed a death yak
 23759 | Lair:5   | HP: 2/101 [death yak (17)]
 23776 | Lair:5   | Killed a death yak
 23784 | Lair:5   | Killed a death yak
 23784 | Lair:5   | Reached XP level 13. HP: 24/107 MP: 17/20
 24215 | Lair:5   | HP: 5/107 [death yak (2)]
 24602 | Lair:4   | Reached skill level 10 in Armour
 25771 | Lair:6   | Noticed Urug
 25789 | Lair:6   | Killed Urug
 25790 | Lair:6   | Found a staircase to the Slime Pits.
 26648 | Lair:6   | Reached skill level 10 in Invocations
 28634 | Lair:6   | Found a large runed translucent door.
 28635 | Lair:6   | Found a large runed translucent door.
 28829 | Lair:6   | Noticed a fire dragon
 28851 | Lair:6   | Killed a fire dragon
 29518 | D:11     | Found a staircase to the Orcish Mines.
 30666 | D:12     | Reached ***** piety under Lugonu
 30912 | D:12     | Paralysed by a hornet for 2 turns
 31941 | D:12     | Noticed a sphinx
 31954 | D:12     | Reached XP level 14. HP: 40/115 MP: 21/21
 31965 | D:12     | Killed a sphinx
 32560 | D:13     | Noticed Jorgrun
 32570 | Abyss:1  | HP: 5/116 [poisoned by a worker ant]
 32636 | Abyss:1  | Mangled by a large abomination

Levels and vault maps discovered:
D:1:      minmay_arrival_diagonal_passages, layout_loops_ring, serial_forest,
          infiniplex_forest_clump_large, infiniplex_forest_3_way,
          infiniplex_forest_clump_diagonal, infiniplex_forest_clump_long,
          infiniplex_forest_lined_corner, infiniplex_forest_lined_4_way,
          infiniplex_forest_straight_5, infiniplex_forest_split,
          infiniplex_forest_end_3, minmay_rat_gold_closets
D:2:      layout_loops_ring, minmay_diced_spiral, uniq_jessica,
          uniq_crazy_yiuf_cottage
D:3:      layout_basic, first_ration, chequers_ecumenical_altar_simple,
          grunt_gozag_breadcrumbs
D:4:      kennysheep_goblin_castle, layout_gridville, hangedman_decor_points
D:5:      layout_basic, minmay_temple_entry_overgrown, gammafunk_ghost_arena,
          uniq_edmund, uniq_prince_ribbit1
D:6:      layout_basic, st_stairs_3, minmay_strange_pillars, grunt_ministairs_2
D:7:      layout_basic, lemuel_mausoleum_altar_kikubaaqudgha, st_stairs_11,
          nicolae_tso_carved_into_rock, uniq_duvessa
D:8:      layout_loops_ring, blue_anna_alchemist [blue_anna_fruit_fields,
          blue_anna_fruit_fields], kennysheep_minor_cross
D:9:      kennysheep_blocky_hall, layout_gridville
D:10:     layout_roguey, dpeg_oklobed_lair
D:11:     layout_stronghold, erik_orc_4
D:12:     layout_loops_ring, evilmike_minifort
D:13:     minmay_the_grid_triangle_9x9_rhombus_thin
          [minmay_the_grid_triangle_9x9_impossible_snake,
          minmay_the_grid_triangle_9x9_prize_insulated,
          minmay_the_grid_triangle_9x9_corrupted_corridor,
          minmay_the_grid_triangle_9x9_checkered], layout_rooms, minivault_11,
          uniq_jorgrun
Lair:1:   layout_cave_pods, beast_lair_carwin_8, serial_bayou_shore_b,
          lemuel_fruit_fields
Lair:2:   layout_cave_pods, palyth_hydra_swamp_entry, dummy_snake_entry,
          basic_altar
Lair:3:   layout_small_grid, minivault_27, minmay_lair_oklob_chamber,
          grunt_megastairs_5, serial_bayou_shore_b, uniq_snorg
Lair:4:   layout_gridlike, serial_bayou_crossing, uniq_josephine
Lair:5:   layout_roguey, nicolae_lair_grove_arrangements, lemuel_fruit_tree,
          grunt_megastairs_1
Lair:6:   cheibrodos_lair_end_hotspot, layout_gridlike, slime_dummy,
          patterned_corridor, uniq_urug
Abyss:1

Skill      XL: |  1  2  3  4  5  6  7  8  9 10 11 12 13 14 |
---------------+-------------------------------------------+-----
Axes           | 2 3 4 5 6 |  6.3
Dodging        | 1 2 3 4 5 6 7 |  7.5
Armour         | 2 3 4 5 7 8 9 10 | 10.9
Invocations    | 3 4 5 6 7 8 9 10 | 10.7
Fighting       | 4 5 6 7 8 |  8.3
Throwing       | 1 2 3 |  3.5
Long Blades    | 3 5 6 7 8 9 |  9.0
Shields        | 1 2 3 4 |  4.9
Evocations     | |  0.4

Action                   |  1- 3 |  4- 6 |  7- 9 | 10-12 | 13-15 || total
-------------------------+-------+-------+-------+-------+-------++-------
Melee: Hand axe          |   105 |   200 |   252 |    12 |       ||   569
       Kick              |    14 |    40 |   115 |   250 |   223 ||   642
       Long sword        |       |       |   150 |   714 |   678 ||  1542
Throw: Boomerang         |       |     6 |     1 |     8 |       ||    15
       Javelin           |       |       |    14 |    23 |     4 ||    41
Invok: Depart the Abyss  |     1 |       |       |       |       ||     1
       Banish            |       |       |     3 |    10 |     2 ||    15
       Bend Space        |       |       |       |     2 |     3 ||     5
       Enter the Abyss   |       |       |       |       |     1 ||     1
 Abil: Evoke Berserk Rag |       |       |       |     1 |     1 ||     2
Evoke: Wand              |       |       |       |     4 |       ||     4
  Use: Scroll            |     5 |     1 |    10 |    12 |     8 ||    36
       Potion            |     2 |       |     1 |     8 |    11 ||    22
 Stab: Invisible         |       |       |       |       |     2 ||     2
  Eat: Chunk             |     1 |     8 |    12 |    22 |    16 ||    59
       Ration            |       |       |     2 |     7 |     4 ||    13
Armor: Leather armour    |    76 |    14 |       |       |       ||    90
       Skin              |     1 |       |       |       |       ||     1
       Plate armour      |       |   126 |   345 |   555 |   367 ||  1393
Dodge: Dodged            |    66 |    42 |    63 |   203 |    62 ||   436
Block: Buckler           |       |     4 |    46 |   110 |       ||   160
       Large shield      |       |       |       |   163 |   600 ||   763
       Rpst.: Long sword |       |       |    11 |    58 |    18 ||    87

Table legend:
 A = Non-vault XP
 B = Vault XP
 C = Vault XP percentage of total XP
 D = Non-vault monster count
 E = Vault monster count
 F = Vault count percentage of total count
                 A         B        C        D         E       F
            +---------+---------+-------+---------+---------+-------
      Total |   46006 |   24069 |  34.3 |     349 |     135 |  27.9
            +---------+---------+-------+---------+---------+-------
        D:1 |      46 |       8 |  14.8 |      25 |       8 |  24.2
        D:2 |      44 |      97 |  68.8 |      21 |       7 |  25.0
        D:3 |      67 |       0 |   0.0 |      14 |       0 |   0.0
        D:4 |     350 |      21 |   5.7 |      13 |      11 |  45.8
        D:5 |     397 |     171 |  30.1 |       5 |       1 |  16.7
        D:6 |     796 |     506 |  38.9 |      25 |       4 |  13.8
        D:7 |     729 |     650 |  47.1 |      15 |      15 |  50.0
        D:8 |     831 |     100 |  10.7 |      18 |       1 |   5.3
        D:9 |    1294 |     627 |  32.6 |      10 |       3 |  23.1
       D:10 |    4133 |     140 |   3.3 |      27 |       2 |   6.9
       D:11 |    3120 |     378 |  10.8 |      32 |      14 |  30.4
       D:12 |    4223 |    5765 |  57.7 |      27 |      14 |  34.1
       D:13 |     218 |       0 |   0.0 |       2 |       0 |   0.0
     Lair:1 |    4958 |     652 |  11.6 |      22 |       6 |  21.4
     Lair:2 |    2496 |    3230 |  56.4 |      15 |      10 |  40.0
     Lair:3 |    3548 |    2644 |  42.7 |      15 |       8 |  34.8
     Lair:4 |    6537 |     205 |   3.0 |      20 |       1 |   4.8
     Lair:5 |    6797 |       0 |   0.0 |      24 |       0 |   0.0
     Lair:6 |    5188 |    8875 |  63.1 |      18 |      30 |  62.5
    Abyss:1 |     234 |       0 |   0.0 |       1 |       0 |   0.0
            +---------+---------+-------+---------+---------+-------
